 Dungeon Crawl Stone Soup version 0.21.1-1-g345015f (webtiles) character file.

627 tidbits the Grave Robber (level 7, 5/52 HPs)
             Began as a Gnoll Necromancer on June 13, 2018.
             Quit the game on level 6 of the Dungeon.
             The game lasted 00:09:50 (874 turns).

tidbits the Grave Robber (Gnoll Necromancer)         Turns: 874, Time: 00:09:51

Health: 5/52       AC:  5    Str: 10      XL:     7   Next: 47%
Magic:  2/15       EV: 14    Int: 20      God:
Gold:   86         SH:  0    Dex: 12 (13) Spells: 4/17 levels left

rFire    . . .     SeeInvis .   o - +0 short sword
rCold    . . .     Gourm    .   (no shield)
rNeg     . . .     Faith    .   a - +0 robe
rPois    .         Spirit   .   (helmet restricted)
rElec    .         Reflect  .   (no cloak)
rCorr    .         Harm     .   G - +1 pair of gloves
MR       .....                  (no boots)
Stlth    +++.......             (no amulet)
HPRegen  0.17/turn              r - +2 ring of slaying
MPRegen  0.14/turn              (no ring)

@: lethally poisoned (5 -> -6), very slightly contaminated, hasted, very quick
A: distributed training, fangs 1, horns 1, rugged brown scales 1, clumsy 1,
strong nose
a: no special abilities


You were on level 6 of the Dungeon.
You were not hungry.

You visited 1 branch of the dungeon, and saw 7 of its levels.

You collected 86 gold pieces.

Inventory:

Hand Weapons
 g - a +0 hunting sling
 m - a +0 club
 n - a +0 mace
 o - a +0 short sword (weapon)
 t - a +0 dagger
Missiles
 s - 17 stones (quivered)
Armour
 a - a +0 robe (worn)
 G - a +1 pair of gloves (worn)
Jewellery
 r - a +2 ring of slaying (left hand)
   (You found it on level 3 of the Dungeon)
Wands
 f - a wand of flame (10)
Scrolls
 d - a scroll of remove curse {unknown}
 e - a scroll of enchant armour {unknown}
 i - a scroll of amnesia {unknown}
 j - a scroll of fog {unknown}
 l - a scroll of teleportation
 p - 2 scrolls of immolation
Books
 b - a book of Necromancy

   Spells                             Type                      Level
   a - Pain                           Necromancy                   1
   b - Animate Skeleton               Necromancy                   1
   c - Vampiric Draining              Necromancy                   3
   d - Regeneration                   Charms/Necromancy            3
   e - Animate Dead                   Necromancy                   4
   f - Borgnjor's Vile Clutch         Necromancy/Earth             5
Comestibles
 c - 6 rations


   Skills:
 + Level 2.4 Fighting
 + Level 2.4 Short Blades
 + Level 2.4 Long Blades
 + Level 2.4 Axes
 + Level 2.4 Maces & Flails
 + Level 2.4 Polearms
 + Level 2.4 Staves
 + Level 2.4 Slings
 + Level 2.4 Bows
 + Level 2.4 Crossbows
 + Level 2.4 Throwing
 + Level 2.4 Armour
 + Level 5.2 Dodging
 + Level 4.9 Stealth
 + Level 2.4 Shields
 + Level 2.4 Unarmed Combat
 + Level 5.6 Spellcasting
 + Level 2.0 Conjurations
 + Level 2.0 Hexes
 + Level 2.0 Charms
 + Level 2.0 Summonings
 + Level 7.4 Necromancy
 + Level 2.0 Translocations
 + Level 2.0 Transmutations
 + Level 2.0 Fire Magic
 + Level 2.0 Ice Magic
 + Level 2.0 Air Magic
 + Level 2.0 Earth Magic
 + Level 2.0 Poison Magic
 + Level 2.7 Invocations
 + Level 2.4 Evocations


You had 4 spell levels left.
You knew the following spells:

 Your Spells              Type           Power        Failure   Level  Hunger
a - Pain                  Necr           ####         1%          1    None
d - Vampiric Draining     Necr           #####.....   1%          3    ##.....
n - Animate Skeleton      Necr           N/A          1%          1    None
r - Regeneration          Chrm/Necr      ###.......   4%          3    ##.....
v - Borgnjor's Vile Clut  Necr/Erth      ###.......   41%         5    #####..


Dungeon Overview and Level Annotations

Branches:
Dungeon (7/15)
 Temple: D:4-7

Altars:
Qazlal
Trog


Innate Abilities, Weirdness & Mutations

Your experience applies equally to all skills.
You have very sharp teeth.
Your uncanny sense of smell can sniff out nearby items.
You have a pair of small horns on your head.
You are partially covered in rugged brown scales. (AC +1, +3% HP)
You are clumsy. (Dex -2)


Message History

Aim: a bullfrog (severely wounded, chance to defeat MR: 84%)
The bullfrog writhes in agony!
You kill the bullfrog!
Your Conjurations skill increases to level 2!
Your Hexes skill increases to level 2!
Your Charms skill increases to level 2!
Your Summonings skill increases to level 2!
Your Translocations skill increases to level 2!
Your Transmutations skill increases to level 2!
Your Fire Magic skill increases to level 2!
Your Ice Magic skill increases to level 2!
Your Air Magic skill increases to level 2!
Your Earth Magic skill increases to level 2!
Your Poison Magic skill increases to level 2!
Casting: Pain
Confirm with . or Enter, or press ? or * to list all spells.
Aiming: Vampiric Draining
Press: ? - help, Shift-Dir - straight line, f - scorpion
Aim: a scorpion The scorpion is moderately wounded.
You feel life coursing into your body. The scorpion stings you.
* * * LOW HITPOINT WARNING * * *
It was a potion of mutation.
You feel extremely strange. A pair of horns grows on your head!
You feel clumsy.
Rugged brown scales grow over part of your body.
The scorpion completely misses you.
Unknown command.
Unknown command.
It was a potion of haste.
You feel yourself speed up. The scorpion stings you.
* * * LOW HITPOINT WARNING * * *
You are poisoned.
The scorpion poisons you!
Unknown command.
Blink to where?
Press: ? - help, Dir - move target cursor, p - scorpion You are very lightly contaminated with residual magic.
As you read the scroll of blinking, it crumbles to dust.
You feel sick.
Found 12 gold pieces.
You see here 13 gold pieces.
You now have 86 gold pieces (gained 13).
You feel sick.
You see here a wand of flame (17).
f - a wand of flame (17) Evoke which item? (* to show all) (? for menu, Esc to quit)
Aiming: Throw Flame
Press: ? - help, Shift-Dir - straight line, f - scorpion
Aim: a scorpion (moderately wounded)
The puff of flame hits the scorpion.
The scorpion is heavily wounded.
You feel sick.
Evoke which item? (* to show all) (? for menu, Esc to quit)
Aiming: Throw Flame
Press: ? - help, Shift-Dir - straight line, f/p - scorpion
Aim: a scorpion (heavily wounded)
The puff of flame hits the scorpion.
The scorpion appears unharmed.
The scorpion is heavily wounded.
Evoke which item? (* to show all) (? for menu, Esc to quit)
Aiming: Throw Flame
Press: ? - help, Shift-Dir - straight line, f/p - scorpion
Aim: a scorpion (heavily wounded)
The puff of flame hits the scorpion.
The scorpion is heavily wounded.
Evoke which item? (* to show all) (? for menu, Esc to quit)
Aiming: Throw Flame
Press: ? - help, Shift-Dir - straight line, f/p - scorpion
Aim: a scorpion (heavily wounded)
The puff of flame hits the scorpion.
The scorpion is severely wounded.
You feel sick.
Evoke which item? (* to show all) (? for menu, Esc to quit)
Aiming: Throw Flame
Press: ? - help, Shift-Dir - straight line, f/p - scorpion
Aim: a scorpion (severely wounded)
The puff of flame misses the scorpion.
You hit the scorpion but do no damage.
The scorpion is severely wounded.
The scorpion stings you but does no damage.
You hit the scorpion but do no damage.
The scorpion is severely wounded.
You hit the scorpion but do no damage.
The scorpion is severely wounded.
You feel sick. The scorpion stings you!
* * * LOW HITPOINT WARNING * * *
You are lethally poisoned!
The scorpion poisons you!
Evoke which item? (* to show all) (? for menu, Esc to quit)
Aiming: Throw Flame
Press: ? - help, Shift-Dir - straight line, f/p - scorpion
Aim: a scorpion (severely wounded)
The puff of flame hits the scorpion.
The scorpion is severely wounded.
The scorpion closely misses you.
Evoke which item? (* to show all) (? for menu, Esc to quit)
Aiming: Throw Flame
Press: ? - help, Shift-Dir - straight line, f/p - scorpion
Aim: a scorpion (severely wounded)
The puff of flame misses the scorpion.
* * * LOW HITPOINT WARNING * * *
You feel sick.
Are you sure you want to abandon this character and quit the game? (Confirm with "yes".)

## .# .# ##.# #. #..#
#.# ######.###### #. #.#
##....s@.....# #
#.##.###.............#
#. ..#.##...............
#.##.#.##.............$.
#..#.#.##.†.............
.#.....§†.).............
.......##.....?.........
.......###.........>...#
.......# ##..?..#...


You could see a scorpion.

Vanquished Creatures
  Grinder (D:5)
  An ice beast (D:5)
  2 bullfrogs (D:6)
  A howler monkey (D:4)
  A bullfrog skeleton (D:4)
  A hound (D:4)
  An iguana (D:3)
  A worker ant (D:6)
  A howler monkey skeleton (D:5)
  4 adders
  An adder zombie (D:7)
  2 leopard geckos
  2 orcs
  4 bats
  2 giant cockroaches
  A goblin (D:3)
  A hobgoblin (D:2)
  2 quokkas
  A frilled lizard (D:3)
  4 kobolds
34 creatures vanquished.

Notes
Turn   | Place    | Note
-------+----------+-------------------------------------------
     0 | D:1      | tidbits the Gnoll Necromancer began the quest for the Orb.
     0 | D:1      | Reached XP level 1. HP: 13/13 MP: 6/6
   123 | D:2      | Reached XP level 2. HP: 7/20 MP: 2/7
   126 | D:2      | Learned a level 1 spell: Animate Skeleton
   216 | D:3      | Reached skill level 5 in Spellcasting
   216 | D:3      | Reached skill level 1 in Invocations
   216 | D:3      | Reached XP level 3. HP: 5/25 MP: 2/9
   221 | D:3      | Learned a level 3 spell: Vampiric Draining
   225 | D:3      | Learned a level 3 spell: Regeneration
   261 | D:3      | Reached skill level 1 in Fighting
   261 | D:3      | Reached skill level 1 in Short Blades
   261 | D:3      | Reached skill level 1 in Long Blades
   261 | D:3      | Reached skill level 1 in Axes
   261 | D:3      | Reached skill level 1 in Maces & Flails
   261 | D:3      | Reached skill level 1 in Polearms
   261 | D:3      | Reached skill level 1 in Staves
   261 | D:3      | Reached skill level 1 in Slings
   261 | D:3      | Reached skill level 1 in Bows
   261 | D:3      | Reached skill level 1 in Crossbows
   261 | D:3      | Reached skill level 1 in Throwing
   261 | D:3      | Reached skill level 1 in Armour
   261 | D:3      | Reached skill level 1 in Shields
   261 | D:3      | Reached skill level 1 in Unarmed Combat
   261 | D:3      | Reached skill level 1 in Evocations
   261 | D:3      | Reached XP level 4. HP: 7/32 MP: 2/11
   445 | D:4      | Reached skill level 1 in Conjurations
   445 | D:4      | Reached skill level 1 in Hexes
   445 | D:4      | Reached skill level 1 in Charms
   445 | D:4      | Reached skill level 1 in Summonings
   445 | D:4      | Reached skill level 1 in Translocations
   445 | D:4      | Reached skill level 1 in Transmutations
   445 | D:4      | Reached skill level 1 in Fire Magic
   445 | D:4      | Reached skill level 1 in Ice Magic
   445 | D:4      | Reached skill level 1 in Air Magic
   445 | D:4      | Reached skill level 1 in Earth Magic
   445 | D:4      | Reached skill level 1 in Poison Magic
   468 | D:4      | Reached XP level 5. HP: 31/37 MP: 12/12
   475 | D:4      | Learned a level 5 spell: Borgnjor's Vile Clutch
   499 | D:4      | Found a stormy altar of Qazlal.
   549 | D:5      | Entered Level 5 of the Dungeon
   609 | D:5      | Noticed an ice beast
   657 | D:5      | Noticed Grinder
   684 | D:5      | Killed an ice beast
   684 | D:5      | Reached skill level 2 in Invocations
   684 | D:5      | Reached XP level 6. HP: 44/44 MP: 7/13
   699 | D:5      | Killed Grinder
   699 | D:5      | Reached skill level 2 in Fighting
   699 | D:5      | Reached skill level 2 in Short Blades
   699 | D:5      | Reached skill level 2 in Long Blades
   699 | D:5      | Reached skill level 2 in Axes
   699 | D:5      | Reached skill level 2 in Maces & Flails
   699 | D:5      | Reached skill level 2 in Polearms
   699 | D:5      | Reached skill level 2 in Staves
   699 | D:5      | Reached skill level 2 in Slings
   699 | D:5      | Reached skill level 2 in Bows
   699 | D:5      | Reached skill level 2 in Crossbows
   699 | D:5      | Reached skill level 2 in Throwing
   699 | D:5      | Reached skill level 2 in Armour
   699 | D:5      | Reached skill level 5 in Dodging
   699 | D:5      | Reached skill level 2 in Shields
   699 | D:5      | Reached skill level 2 in Unarmed Combat
   699 | D:5      | Reached skill level 2 in Evocations
   699 | D:5      | Reached XP level 7. HP: 50/50 MP: 9/15
   818 | D:5      | Found a bloodstained altar of Trog.
   855 | D:6      | Reached skill level 2 in Conjurations
   855 | D:6      | Reached skill level 2 in Hexes
   855 | D:6      | Reached skill level 2 in Charms
   855 | D:6      | Reached skill level 2 in Summonings
   855 | D:6      | Reached skill level 2 in Translocations
   855 | D:6      | Reached skill level 2 in Transmutations
   855 | D:6      | Reached skill level 2 in Fire Magic
   855 | D:6      | Reached skill level 2 in Ice Magic
   855 | D:6      | Reached skill level 2 in Air Magic
   855 | D:6      | Reached skill level 2 in Earth Magic
   855 | D:6      | Reached skill level 2 in Poison Magic
   857 | D:6      | Gained mutation: You have a pair of small horns on your head. [potion of mutation]
   857 | D:6      | Gained mutation: You are clumsy. (Dex -2) [potion of mutation]
   857 | D:6      | Gained mutation: You are partially covered in rugged brown scales. (AC +1, +3% HP) [potion of mutation]
   873 | D:6      | HP: 5/52 [poisoned by a scorpion]
   874 | D:6      | Quit the game

Skill      XL: |  1  2  3  4  5  6  7 |
---------------+----------------------+-----
Spellcasting   | 5 |  5.6
Invocations    | 1 2 |  2.7
Fighting       | 1 2 |  2.4
Short Blades   | 1 2 |  2.4
Long Blades    | 1 2 |  2.4
Axes           | 1 2 |  2.4
Maces & Flails | 1 2 |  2.4
Polearms       | 1 2 |  2.4
Staves         | 1 2 |  2.4
Slings         | 1 2 |  2.4
Bows           | 1 2 |  2.4
Crossbows      | 1 2 |  2.4
Throwing       | 1 2 |  2.4
Armour         | 1 2 |  2.4
Shields        | 1 2 |  2.4
Unarmed Combat | 1 2 |  2.4
Evocations     | 1 2 |  2.4
Conjurations   | 1 2 |  2.0
Hexes          | 1 2 |  2.0
Charms         | 1 2 |  2.0
Summonings     | 1 2 |  2.0
Translocations | 1 2 |  2.0
Transmutations | 1 2 |  2.0
Fire Magic     | 1 2 |  2.0
Ice Magic      | 1 2 |  2.0
Air Magic      | 1 2 |  2.0
Earth Magic    | 1 2 |  2.0
Poison Magic   | 1 2 |  2.0
Dodging        | 5 |  5.2
Stealth        | |  4.9
Necromancy     | |  7.4

Action                   |  1- 3 |  4- 6 |  7- 9 || total
-------------------------+-------+-------+-------++-------
Melee: Short sword       |     8 |       |    17 ||    25
       Dagger            |       |    12 |       ||    12
       Unarmed           |       |    22 |     5 ||    27
       Bite              |       |       |     1 ||     1
Throw: Stone             |       |     1 |       ||     1
 Cast: Pain              |    23 |    13 |    16 ||    52
       Vampiric Draining |       |     2 |     1 ||     3
       Regeneration      |       |     1 |       ||     1
Evoke: Wand              |       |       |     7 ||     7
  Use: Potion            |     1 |     5 |     2 ||     8
       Scroll            |       |     3 |     1 ||     4
 Stab: Invisible         |     2 |       |       ||     2
       Sleeping          |       |     3 |       ||     3
Armor: Robe              |     2 |       |     8 ||    10
       Skin              |       |    18 |     3 ||    21
Dodge: Dodged            |     8 |    17 |    18 ||    43

Table legend:
 A = Turns spent in this place as a percentage of turns spent in the entire game.
 B = Non-inter-level travel turns spent in this place as a percentage of non-inter-level travel turns spent in the entire game.
 C = Inter-level travel turns spent in this place as a percentage of turns spent in this place.
 D = Turns resting spent in this place as a percentage of non-inter-level travel turns spent in this place.
 E = Turns spent auto-exploring this place as a percentage of non-inter-level travel turns spent in this place.
 F = Non-inter-level travel turns spent in this place divided by the number of levels of this place that you've seen.
                   A       B       C       D       E      F
               +-------+-------+-------+-------+-------+----------------------
         Total | 100.0 | 100.0 |   0.0 |   0.0 |   0.0 | 124.9
       Dungeon | 100.0 | 100.0 |   0.0 |   0.0 |   0.0 | 124.9
               +-------+-------+-------+-------+-------+----------------------

Table legend:
 A = Kills in this place as a percentage of kills in entire the game.
 B = Kills by you in this place as a percentage of kills by you in the entire game.
 C = Kills by friends in this place as a percentage of kills by friends in the entire game.
 D = Other kills in this place as a percentage of other kills in the entire game.
 E = Experience gained in this place as a percentage of experience gained in the entire game.
 F = Experience gained in this place divided by the number of levels of this place that you have seen.
                   A       B       C       D       E      F
               +-------+-------+-------+-------+-------+----------------------
         Total | 100.0 | 100.0 |   N/A |   N/A | 100.0 | 128.0
       Dungeon | 100.0 | 100.0 |   N/A |   N/A | 100.0 | 128.0
               +-------+-------+-------+-------+-------+----------------------

Vault maps used:
D:1:      dpeg_arrival_stone_temple_mockup
D:3:      nicolae_dithmenos_through_a_glass_darkly, uniq_robin
D:4:      overflow_temple_1_default, first_ration
D:5:      nicolae_overflow_hidden_temple, minmay_temple_entry_glass,
          uniq_duvessa, uniq_grinder
D:6:      marbit_many_paths, fedhas_altar_3, kennysheep_okawaru_gauntlet
D:7:      grunt_temple_overflow_open, enter_bailey_2, minmay_fire_ice_demons,
          uniq_menkaure, uniq_pikel
